 Dungeon Crawl Stone Soup version 0.27.1-33-g824d729ab1 (webtiles) character file.

Game seed: 5546743742466040393

15 Descartes the Sneak (level 2, -1/14 HPs)
             Began as a Felid Wanderer on Nov 30, 2021.
             Frozen to death by an endoplasm (5 damage)
             ... on level 2 of the Dungeon.
             The game lasted 00:02:43 (681 turns).

Descartes the Sneak (Felid Wanderer)                 Turns: 681, Time: 00:02:43

Health: -1/14      AC:  1    Str:  7    XL:     2   Next: 34%
Magic:  3/3        EV: 16    Int: 15    God:
Gold:   29         SH:  0    Dex: 14    Spells: 1/1 levels left
                                        Lives:  0   Deaths: 0

rFire    . . .     SeeInvis +     - Unarmed
rCold    . . .     Faith    .   (shield unavailable)
rNeg     . . .     Spirit   .   (armour unavailable)
rPois    .         Reflect  .   (helmet unavailable)
rElec    .         Harm     .   (cloak unavailable)
rCorr    .         Rampage  .   (gloves unavailable)
Will     .....                  (boots unavailable)
Stlth    +++.......             (no amulet)
HPRegen  0.04/turn              (no ring)
MPRegen  0.08/turn              (no ring)

@: quick
A: very small, claws 1, fangs 3, see invisible, speed 1, shaggy fur 1, stealthy
paws, no weapons or thrown items, no armour, multi-lived
a: no special abilities


You were on level 2 of the Dungeon.
You visited 1 branch of the dungeon, and saw 2 of its levels.

You collected 29 gold pieces.

Inventory:

Missiles
 e - 9 stones
Scrolls
 a - a scroll of blinking
 c - a scroll of teleportation
 f - a scroll of enchant weapon {unknown}
Potions
 b - a potion of heal wounds
 d - a potion of lignification


   Skills:
 + Level 3.2 Fighting
 + Level 2.0 Dodging
 + Level 5.6 Stealth
 + Level 2.3 Unarmed Combat


You had one spell level left.
You didn't know any spells.
Your spell library contained the following spells:

 Spells                   Type           Power      Damage    Failure   Level
 Animate Skeleton         Necr           0%         N/A       26%         1
 Apportation              Tloc           0%         N/A       26%         1
 Corona                   Hex            0%         N/A       26%         1
 Summon Small Mammal      Summ           0%         N/A       26%         1


Dungeon Overview and Level Annotations

Branches:
Dungeon (2/15)

Altars:


Innate Abilities, Weirdness & Mutations

You have sharp claws.
You have razor-sharp teeth.
You have supernaturally acute eyesight. (SInv)
You cover ground quickly. (Speed+)
You are covered in fur. (AC +1)
Your paws help you pounce on unaware monsters.
You are incapable of wielding weapons or throwing items.
You cannot wear armour.
You gain extra lives every three experience levels.


Message History

You now have 29 gold pieces (gained 10).
Done exploring.
Done exploring.
No target in view!
No target in view!
No monsters, items or features are visible.
You see here a +0 trident.
There is a stone staircase leading down here.
You are not religious.
You climb downwards.
There is a stone staircase leading up here.
A bat comes into view.
A bat is nearby!
An endoplasm comes into view.
Found a scroll of teleportation.
An endoplasm comes into view.
Found 14 gold pieces.
A worm and a goblin come into view.
The helpless bat fails to defend itself.
You mangle the bat!!
You kill the bat!
The endoplasm quivers.
The goblin shouts!
The endoplasm hits you.
You barely miss the endoplasm. Your bite misses the endoplasm.
The endoplasm freezes you.
You are frozen.
You scratch the endoplasm.
The endoplasm is severely wounded.
The endoplasm closely misses you.
You scratch the endoplasm but do no damage.
The endoplasm is severely wounded.
The endoplasm freezes you.
You are frozen.
* * * LOW HITPOINT WARNING * * *
You are too injured to fight recklessly!
You are too injured to fight recklessly!
The endoplasm freezes you.
You are frozen.
You die...

#.....?... ....
#........# .....
#........# .....$ ...
#........# .... #.#
#.....w..####.# #.#
#.............# ...
##.............# #####.#
.......gJ......#.#.....#
.......J.@.....#.......#
............##.# #....<#
............##.#
#####.###
.##...########.#
#........ #... #.#
#.###.### #... #.# #.#
#.# #... #.###.# #.# #..
#.....# #.# ####### #.#


You could see a worm, 2 endoplasms and a goblin.

Vanquished Creatures
  2 dart slugs (D:1)
  An endoplasm (D:1)
  A giant cockroach (D:1)
  A hobgoblin (D:1)
  A quokka (D:1)
  A ball python (D:1)
  A bat (D:2)
  A goblin (D:1)
  2 kobolds (D:1)
  A rat (D:1)
12 creatures vanquished.

Notes
Turn   | Place    | Note
-------+----------+-------------------------------------------
     0 | D:1      | Descartes the Felid Wanderer began the quest for the Orb.
     0 | D:1      | Descartes set off with the following items: a scroll of
                  | blinking, a potion of heal wounds, a scroll of
                  | teleportation, a potion of lignification
     0 | D:1      | Reached XP level 1. HP: 10/10 MP: 2/2
   132 | D:1      | Reached XP level 2. HP: 14/14 MP: 3/3
   681 | D:2      | Frozen to death by an endoplasm

Illustrated notes

Levels and vault maps discovered:
D:1:      tarquinn_simple_flora_water_e, layout_loops_ring
D:2:      minmay_door_path, layout_basic, shapermc_ecumenical_altar_venn

Skill      XL: |  1  2 |
---------------+-------+-----
Dodging        | 2 |  2.0
Fighting       | |  3.2
Stealth        | |  5.6
Unarmed Combat | |  2.3

Action                   || total
-------------------------++-------
Melee: Unarmed           ||    28
       Bite              ||     1
 Stab: Sleeping          ||     5
Armor: Skin              ||     2
Dodge: Dodged            ||    13
